gg

Match 22887230
End
Construct Barracks
Selects Advanced Infantry Battlegroup
Riflemen Squad
Riflemen Squad
Riflemen Squad
Mechanized Support Center
Engineer Squad
Selects Convert to Ranger Squad
Construct Motor Pool
Selects Frontline Medical Station
M8 Greyhound Armored Car
M8 Greyhound Armored Car
Riflemen Squad
Designate Forward Repair Station
Selects Infantry Assault
Infantry Assault
Construct Tank Depot
Selects Artillery Observers
Infantry Assault
M18 Hellcat Tank Destroyer
Convert to Ranger Squad
Infantry Assault
Selects M2A1 105mm Howitzer Emplacement
M18 Hellcat Tank Destroyer
Infantry Assault
Convert to Ranger Squad
Convert to Ranger Squad
Frontline Medical Station
Infantry Assault
.30 cal Machine Gun
Frontline Medical Station
Infantry Assault
M18 Hellcat Tank Destroyer
Infantry Assault
Infantry Assault
Riflemen Squad
Convert to Ranger Squad
Mortar Pit
Infantry Assault
Sponge Bob
Меткић'94
PlammX
WilllTHENOOBz
Mahi Mahi
NEP_wilson_NEP
0
0

Comments sign in to comment!

No comments posted yet!